 Dungeon Crawl Stone Soup version 0.28.0-45-g0d030f2227 (webtiles) character file.

Game seed: 6668775307197603345

129 dianekeaton the Chopper (level 5, 0/45 HPs)
             Began as a Hill Orc Fighter on Apr 5, 2022.
             Slain by a gnoll
             ... wielding a +0 spear
              (2 damage)
             ... on level 2 of the Dungeon.
             The game lasted 00:07:44 (2203 turns).

dianekeaton the Chopper (Hill Orc Fighter)          Turns: 2203, Time: 00:07:44

Health: 0/45       AC:  8    Str: 21    XL:     5   Next: 12%
Magic:  5/5        EV:  9    Int:  8    God:
Gold:   40         SH:  4    Dex: 10    Spells: 4/4 levels left

rFire   . . .      SeeInvis .   a - +0 war axe
rCold   . . .      Faith    .   c - +0 buckler
rNeg    . . .      Spirit   .   b - +0 scale mail
rPois   .          Reflect  .   (no helmet)
rElec   +          Harm     .   (no cloak)
rCorr   .          Rampage  .   (no gloves)
Will    .....                   (no boots)
Stlth   ..........              (no amulet)
HPRegen 0.15/turn               (no ring)
MPRegen 0.09/turn               (no ring)

@: no status effects
A: iridescent scales 1, electricity resistance
a: no special abilities


You were on level 2 of the Dungeon.
You visited 1 branch of the dungeon, and saw 3 of its levels.

You collected 40 gold pieces.

Inventory:

Hand Weapons
 a - a +0 war axe (weapon)
 d - a +4 quarterstaff of chaos
Armour
 b - a +0 scale mail (worn)
 c - a +0 buckler (worn)
Jewellery
 j - a ring of protection from cold
Scrolls
 e - a scroll of identify {unknown}
 i - a scroll of noise {unknown}
 k - a scroll of teleportation {unknown}
Potions
 g - 2 potions of mutation


   Skills:
 - Level 3.6 Fighting
 + Level 6.0 Axes
 - Level 3.2 Armour
 + Level 1.6 Dodging
 + Level 0.2 Stealth
 - Level 3.2 Shields


You had 4 spell levels left.
You didn't know any spells.
Your spell library was empty.

Dungeon Overview and Level Annotations

Branches:
Dungeon (3/15)

Altars:

Shops:
D:1 =

Annotations:
D:3 Grinder


Innate Abilities, Weirdness & Mutations

You are partially covered in iridescent scales. (AC +2)
You are resistant to electric shocks. (rElec)


Message History

There is a stone staircase leading down here.
The gnoll barely misses you. The gnoll barely misses you.
You hit the gnoll.
The gnoll is lightly wounded.
The gnoll hits you with a +0 spear. The gnoll hits you but does no damage.
You slash the gnoll!
The gnoll is almost dead.
The gnoll barely misses you. The gnoll closely misses you.
The gnoll hits you with a +0 spear.
You hit the gnoll.
You kill the gnoll!
The gnoll hits you from afar with a +0 spear.
You block the gnoll's attack.
Your Axes skill increases to level 6!
You block the gnoll's attack. The gnoll closely misses you.
You barely miss the gnoll. The gnoll hits you but does no damage.
You block the gnoll's attack.
You slash the gnoll!
The gnoll is almost dead.
The gnoll hits you with a +0 spear.
The gnoll hits you from afar with a +0 halberd!
* * * LOW HITPOINT WARNING * * *
The gnoll hits you with a +0 spear!
* * * LOW HITPOINT WARNING * * *
The gnoll closely misses you.
It was a potion of mutation.
You feel extremely strange.
You feel insulated.
Iridescent scales grow over part of your body.
Sorry, you're not good enough to have a special ability.
It was a potion of magic.
Magic courses through your body. The gnoll hits you but does no damage.
The gnoll barely misses you.
It was a potion of cancellation.
You feel magically purged.
The gnoll hits you from afar with a +0 spear.
* * * LOW HITPOINT WARNING * * *
The gnoll hits you from afar with a +0 halberd.
* * * LOW HITPOINT WARNING * * *
The gnoll hits you with a +0 spear.
You die...

.... #.. ..... #..
......############..
......'.)........g..
......##############
..... #...# #### #.#.#
###############.#.######
+......@gg..............
###############.#.######
#.#....... #'########
... ..... ....[..
......... ...........


You could see 2 gnolls.

Vanquished Creatures
  Crazy Yiuf (D:2)
  An orc wizard (D:2)
  2 gnolls (D:2)
  2 adders (D:2)
  2 dart slugs (D:1)
  2 orcs (D:1)
  3 giant cockroaches (D:1)
  5 goblins
  4 hobgoblins (D:1)
  4 kobolds
  A quokka (D:1)
  A ball python (D:1)
  A bat (D:1)
  3 frilled lizards
  4 rats (D:1)
36 creatures vanquished.

Notes
Turn   | Place    | Note
-------+----------+-------------------------------------------
     0 | D:1      | dianekeaton the Hill Orc Fighter began the quest for the
                  | Orb.
     0 | D:1      | Reached XP level 1. HP: 19/19 MP: 1/1
    77 | D:1      | Reached skill level 3 in Axes
   162 | D:1      | Reached XP level 2. HP: 25/26 MP: 2/2
   470 | D:1      | Reached skill level 4 in Axes
   861 | D:1      | Reached XP level 3. HP: 31/31 MP: 3/3
   882 | D:1      | Found Iteuwiph's Jewellery Shoppe.
  1250 | D:2      | Reached skill level 1 in Dodging
  1383 | D:3      | Noticed Grinder
  1761 | D:2      | Reached skill level 5 in Axes
  1761 | D:2      | Reached XP level 4. HP: 39/39 MP: 4/4
  1790 | D:2      | Found a runed translucent door.
  1791 | D:2      | Noticed Crazy Yiuf
  1800 | D:2      | Killed Crazy Yiuf
  2135 | D:2      | Reached XP level 5. HP: 28/45 MP: 5/5
  2176 | D:2      | Reached skill level 6 in Axes
  2198 | D:2      | Gained mutation: You are resistant to electric shocks.
                  | (rElec) [potion of mutation]
  2198 | D:2      | Gained mutation: You are partially covered in iridescent
                  | scales. (AC +2) [potion of mutation]
  2203 | D:2      | HP: 2/45 [gnoll/+0 halberd (5)]
  2203 | D:2      | Slain by a gnoll

Illustrated notes

Levels and vault maps discovered:
D:1:      dpeg_arrival_rooms_with_view, layout_loops_cross, serial_shops,
          nicolae_shop_statue_plus
D:2:      layout_basic, uniq_crazy_yiuf_cottage
D:3:      layout_basic, mainiacjoe_overflow_small_starburst,
          cheibrodos_sewer_entry_sluice, shapermc_ecumenical_altar_flowoftime,
          uniq_terence, uniq_grinder

Skill      XL: |  1  2  3  4  5 |
---------------+----------------+-----
Axes           | 3 4 5 6 |  6.0
Dodging        | 1 |  1.6
Fighting       | |  3.6
Armour         | |  3.2
Stealth        | |  0.2
Shields        | |  3.2

Action                   |  1- 3 |  4- 6 || total
-------------------------+-------+-------++-------
Melee: War axe           |    87 |    19 ||   106
  Use: Potion            |     2 |     3 ||     5
Armor: Scale mail        |    42 |     5 ||    47
Dodge: Dodged            |    44 |    14 ||    58
Block: Buckler           |    13 |     6 ||    19
